 Dungeon Crawl Stone Soup version 0.21-a0-51-gea492e9 (webtiles) character file.

210 grindst0ne the Covert (level 5, -4/38 HPs)
             Began as a Vampire Assassin on June 12, 2017.
             Was an Initiate of Ru.
             Slain by an orc
             ... wielding a +0 mace
              (7 damage)
             ... on level 2 of the Dungeon.
             The game lasted 00:12:31 (9340 turns).

grindst0ne the Covert (Vampire Assassin)            Turns: 9340, Time: 00:12:31

Health: -4/38      AC:  4    Str: 12    XL:     5   Next: 56%
Magic:  5/5        EV: 11    Int: 14    God:    Ru [......]
Gold:   247        SH:  0    Dex: 16    Spells: 4/4 levels left

rFire    . . .     SeeInvis +   o - +2 short sword (venom)
rCold    + . .     Gourm    .   (no shield)
rNeg     + + .     Faith    .   p - +0 leather armour
rPois    +         Spirit   .   (no helmet)
rElec    +         Reflect  .   d - +0 cloak
rCorr    .         Harm     .   (no gloves)
MR       .....                  (no boots)
Stlth    ++........             (no amulet)
Regen    0.1/turn               (no ring)
MPRegen  0.1/turn               (no ring)

@: confused, regenerating slowly
A: fangs 3, see invisible, electricity resistance, strong 1, unbreathing, no
potion heal 1
a: Bat Form, Renounce Religion


You were on level 2 of the Dungeon.
You worshipped Ru.
Ru was noncommittal.
You were very thirsty.

You visited 1 branch of the dungeon, and saw 3 of its levels.

You collected 247 gold pieces.

Inventory:

Hand Weapons
 a - a +2 dagger
 b - a +0 blowgun
 h - a +2 vampiric dagger
 o - a +2 short sword of venom (weapon)
Missiles
 e - 8 poisoned needles
 f - 2 curare-tipped needles
Armour
 c - a +0 robe
 d - a +0 cloak (worn)
 p - a +0 leather armour (worn)
Jewellery
 i - a cursed ring of teleportation {unknown}
Scrolls
 k - 3 scrolls of remove curse
 l - 2 scrolls of fear {unknown}
 r - 2 scrolls of recharging {unknown}
 s - a scroll of magic mapping {unknown}
 u - a scroll of enchant armour {unknown}
 v - a scroll of teleportation {unknown}
Potions
 g - a potion of brilliance
 n - a potion of might


   Skills:
 - Level 1.7 Fighting
 - Level 4.1 Short Blades
 + Level 2.5 Throwing
 - Level 1.1 Dodging
 + Level 8.2 Stealth


You had 4 spell levels left.
You didn't know any spells.

Dungeon Overview and Level Annotations

Branches:
Dungeon (3/15)

Altars:
Ashenzari
Ru

Annotations:
D:3 Kenran's ghost, amateur OpTm


Innate Abilities, Weirdness & Mutations

You heal slowly.
You have razor-sharp teeth.
You have supernaturally acute eyesight. (SInv)
You can survive without breathing.
You are resistant to electric shocks. (rElec)
Your muscles are strong. (Str +2)
Potions are less effective at restoring your health.


Message History

You hit the orc wizard.
The orc wizard looks as sick as possible!
The orc wizard is severely wounded.
The orc hits you with a mace.
* * * LOW HITPOINT WARNING * * *
The orc wizard points at you and mumbles some strange words.
The magic dart hits you!
* * * LOW HITPOINT WARNING * * *
The orc hits you but does no damage.
Your system partially rejects the healing.
You feel much better.
You kill the orc wizard!
The orc hits you with a mace!
* * * LOW HITPOINT WARNING * * *
The orc hits you with a mace.
* * * LOW HITPOINT WARNING * * *
You are confused.
Your system partially rejects the healing.
You feel invigorated. The orc hits you with a mace!
You die...

#############
#################............
#...)......>..........######.
#.##########......###.#####.# #.#
#.###### #........ #####.# #.#
#######.# ......# #.# ##.
############ #.# ## #
#..%#####@### #######. #
#.....#.o)o.# #....... #
####.#.#.#.#.#.# #.#####. #
#....#.......[.# #####.## ## #
##....###.#.#.#.###......#####
####.........#......##.#.........
...........#######..##.#....#####
##...>......................# #
)..........#######.....#....# #


You could see 2 orcs.

Vanquished Creatures
  2 orc wizards (D:2)
  Robin (D:2)
  4 adders
  2 oozes
  2 worms (D:2)
  2 dart slugs
  4 leopard geckos
  4 orcs
  15 goblins
  10 hobgoblins
  11 kobolds
  A quokka (D:3)
  2 ball pythons
  4 bats
  6 frilled lizards
  13 rats
83 creatures vanquished.

Notes
Turn   | Place    | Note
-------+----------+-------------------------------------------
     0 | D:1      | grindst0ne the Vampire Assassin began the quest for the Orb.
     0 | D:1      | Reached XP level 1. HP: 16/16 MP: 1/1
   123 | D:1      | Reached skill level 6 in Stealth
   371 | D:1      | Reached XP level 2. HP: 15/22 MP: 2/2
  3035 | D:1      | Reached XP level 3. HP: 25/27 MP: 3/3
  3311 | D:2      | Reached skill level 7 in Stealth
  3585 | D:2      | Noticed Robin
  3589 | D:2      | Reached XP level 4. HP: 33/33 MP: 4/4
  3625 | D:2      | Killed Robin
  5082 | D:2      | Found a sacrificial altar of Ru.
  5098 | D:2      | Became a worshipper of Ru the Awakened
  5610 | D:3      | Found a shattered altar of Ashenzari.
  5846 | D:3      | Noticed Kenran's ghost (amateur OpTm)
  6152 | D:2      | Reached XP level 5. HP: 18/38 MP: 5/5
  6921 | D:2      | Reached skill level 8 in Stealth
  8814 | D:2      | Gained mutation: Potions are less effective at restoring your health. [potion of mutation]
  8814 | D:2      | Gained mutation: Your muscles are strong. (Str +2) [potion of mutation]
  8814 | D:2      | Gained mutation: You are resistant to electric shocks. (rElec) [potion of mutation]
  9338 | D:2      | HP: 1/38 [orc wizard/magic dart (7)]
  9340 | D:2      | Slain by an orc

Vault maps used:
D:1:      erik_arrival_cave_to_civilisation, minmay_misc_feat_nine_boxes
D:2:      lemuel_round_altar, uniq_robin
D:3:      cheibrodos_ashenzari_chains, first_bread

Skill      XL: |  1  2  3  4  5 |
---------------+----------------+-----
Stealth        | 6 7 8 |  8.2
Short Blades   | 3 4 |  4.1
Throwing       | 2 |  2.5
Fighting       | |  1.7
Dodging        | |  1.1

Action                   |  1- 3 |  4- 6 || total
-------------------------+-------+-------++-------
Melee: Dagger            |    96 |    48 ||   144
       Bite              |    15 |    13 ||    28
       Unarmed           |    17 |       ||    17
       Short sword       |       |   104 ||   104
 Abil: End Transformatio |     1 |     1 ||     2
       Bat Form          |     1 |     1 ||     2
  Use: Potion            |     2 |    14 ||    16
       Scroll            |       |     6 ||     6
 Stab: Sleeping          |     9 |     6 ||    15
       Distracted        |     1 |     2 ||     3
Armor: Robe              |     9 |    14 ||    23
       Leather armour    |       |    10 ||    10
Dodge: Dodged            |    45 |    74 ||   119
